AoeStats
← oslepov1

Arabia

509922309Analyzed
1v1 RM · 4d ago on Sep 28, 2026· 58m 3s· 2 players
Game mode
Random Map
Map size
Tiny (2 player)
Population
200
Speed
Normal
Resources
Standard
Victory
Conquest
Starting age
Dark Age
Ending age
Imperial Age
RankedLock teamsTeams togetherTeam positionsShared explorationLock speedFull tech treeHidden civsTurbo modeCheats
Victory
Defeat
🇨🇱 Franks · Chile
626
+20
🇬🇧 Lithuanians · United Kingdom
580
-28
oslepov1
7:45 Loom
9:36 Feudal Age
19:18 Double-Bit Axe
19:17 Horse Collar
22:29 Castle Age
22:21 Bloodlines
23:02 Scale Barding Armor
23:08 Forging
23:16 Husbandry
24:12 Pikeman
24:54 Squires
31:24 Iron Casting
31:10 Chain Barding Armor
36:17 Heavy Plow
39:01 Bow Saw
43:18 Gold Mining
46:02 Imperial Age
47:44 Wheelbarrow
47:26 Cavalier
49:15 Hand Cart
48:45 Halberdier
52:24 Paladin
PiroTrix
11:17 Feudal Age
11:55 Double-Bit Axe
21:45 Castle Age
26:33 Wheelbarrow
25:46 Town Watch
27:44 Scale Barding Armor
27:50 Forging
29:46 Padded Archer Armor
36:24 Imperial Age
34:40 Hand Cart
38:33 Leather Archer Armor
38:09 Fletching
38:54 Iron Casting
39:24 Town Patrol
39:15 Loom
39:46 Bow Saw
42:59 Chivalry
42:31 Cavalier
42:35 Elite Skirmisher
44:20 Blast Furnace
43:41 Chain Barding Armor
44:16 Husbandry
44:17 Bodkin Arrow
48:15 Paladin
49:37 Plate Barding Armor
Connection lost

Rejoining the realm…

Still unreachable

The connection could not be restored.

Session expired

The server has moved on; the page needs a fresh start.